 Dungeon Crawl Stone Soup version 0.31-a0-986-g5e6e4ef867 (webtiles) character file.

Game seed: 12689482858569756572

16 Maxmaps the Changeling (level 2, 0/19 HPs)
             Began as an Octopode Shapeshifter on Nov 6, 2023.
             Slain by a ball python (3 damage)
             ... on level 1 of the Dungeon.
             The game lasted 00:00:21 (210 turns).

Maxmaps the Changeling (Octopode Shapeshifter)       Turns: 210, Time: 00:00:22

Health: 0/19       AC:  1    Str: 13    XL:     2   Next: 54%
Magic:  2/2        EV: 10    Int: 12    God:
Gold:   44         SH:  0    Dex: 11    Spells: 1/1 levels left

rFire   . .          .
                       - Unarmed
rCold   . . .        (no shield)
rNeg    . . .        (helmet currently unavailable)
rPois   .            (no amulet)
rElec   .            (no ring)
rCorr   .            (no ring)
SInv    .            (no ring)
Will    .....        (no ring)
Stlth   ++           (no ring)
HPRegen 0.23/turn    (no ring)
MPRegen 0.08/turn    (no ring)
                     (no ring)

%: no passive effects
@: beast-form, constricted
A: beast (slay +1), almost no armour, amphibious, 8 rings, camouflage 1,
gelatinous body 1, (nimble swimmer 1), tentacles
a: Begin Untransformation


You were on level 1 of the Dungeon.
You were a hulking beast.
You visited 1 branch of the dungeon, and saw 1 of its levels.

You collected 44 gold pieces.

Inventory:

Talismans
 b - a beast talisman
 c - a flux talisman
Scrolls
 d - a scroll of identify {unknown}
Potions
 a - a potion of lignification
 e - a potion of curing {unknown}
 f - 2 potions of attraction {unknown}
 g - a potion of mutation {unknown}
 h - a potion of might {unknown}


   Skills:
 + Level 2.1 Fighting
 - Level 2.0 Dodging
 - Level 3.1 Unarmed Combat
 - Level 3.1 Shapeshifting


You had one spell level left.
You didn't know any spells.
Your spell library was empty.

Dungeon Overview and Level Annotations

Branches:
Dungeon (1/15)

Altars:


Innate Abilities, Weirdness & Mutations

You are a hulking beast.
Your limbs bulge with bestial killing power. (Slay +1)
You cannot wear most types of armour.
You are amphibious.
You can wear up to eight rings at the same time.
Your skin changes colour to match your surroundings (Stealth+).
Your rubbery body absorbs attacks. (AC +1, EV +1)
((You are camouflaged when in or above water. (Stealth+)))
You have tentacles for arms and can constrict up to eight enemies at once.


Message History

Found a metallic clear potion and 6 gold pieces.
You closely miss the goblin. You grab the goblin. You constrict the goblin.
The goblin closely misses you.
You tentacle-slap the goblin.
You kill the goblin!
The endoplasm jiggles.
You tentacle-slap the endoplasm.
The endoplasm is almost dead.
The dart slug launches a dart at you. The slug dart hits you.
The endoplasm closely misses you.
You tentacle-slap the endoplasm.
You kill the endoplasm!
The quokka completely misses you.
You miss the quokka. Your grab misses the quokka.
Your squeeze misses the quokka. The quokka bites you.
The ball python bites you. The ball python grabs you.
The ball python constricts you.
You are too injured to fight recklessly!
You are too injured to fight recklessly!
You are too injured to fight recklessly!
You are too injured to fight recklessly!
You are too injured to fight recklessly!
You are too injured to fight recklessly!
You are too injured to fight recklessly!
You are too injured to fight recklessly!
You are too injured to fight recklessly!
You are too injured to fight recklessly!
You are too injured to fight recklessly!
You are too injured to fight recklessly!
You are too injured to fight recklessly!
You are too injured to fight recklessly!
You are too injured to fight recklessly!
You are too injured to fight recklessly!
You are too injured to fight recklessly!
You tentacle-slap the ball python but do no damage.
Your grab misses the ball python. Your squeeze misses the ball python.
The quokka bites you.
* * * LOW HITPOINT WARNING * * *
The ball python bites you.
You die...

##.. .# $.!##...... ....
... ..#........ ....
.#.##.....#.... ....
....#....>..... ##..
.................. #...
.....w........##.. #.##
#$.#.rS#...#.##.. #...
#.....h.......... #.#.
#.##...#.....[... #.#.
##......#..#.###..###.#.
........#..#.......)....
.....?.....######..##.#.
...#######......#..##...
...[.#....#####.#..##...
#. #[#.##...............
#. #.#.######.#.####....


You could see a dart slug, a quokka and a ball python.

Vanquished Creatures
  3 endoplasms (D:1)
  2 giant cockroaches (D:1)
  A goblin (D:1)
  2 hobgoblins (D:1)
  A kobold (D:1)
  A quokka (D:1)
  A ball python (D:1)
  A frilled lizard (D:1)
  A rat (D:1)
13 creatures vanquished.

Notes
Turn   | Place    | Note
-------+----------+-------------------------------------------
     0 | D:1      | Maxmaps the Octopode Shapeshifter began the quest for the
                  | Orb.
     0 | D:1      | Reached XP level 1. HP: 13/13 MP: 1/1
    46 | D:1      | Reached XP level 2. HP: 18/18 MP: 2/2
   210 | D:1      | Slain by a ball python

Illustrated notes

Levels and vault maps discovered:
D:1:      dpeg_arrival_long_road, layout_basic, minmay_tromino_v4_c

Skill      XL: |  1  2 |
---------------+-------+-----
Fighting       | 2 |  2.1
Dodging        | |  2.0
Unarmed Combat | |  3.1
Shapeshifting  | |  3.1

Action                     || total
---------------------------++-------
  Melee: Unarmed           ||    24
         Constrict         ||     7
         Tentacles         ||     3
   Stab: Sleeping          ||     2
 Armour: Skin              ||     7
  Dodge: Dodged            ||    13

Table legend: (Time is in decaauts)
 A = Elapsed time spent in this place.
 B = Non-inter-level travel time spent in this place.
 C = Inter-level travel time spent in this place.
 D = Time resting spent in this place.
 E = Time spent auto-exploring this place.
 F = Levels seen in this place.
 G = Mean time per level.
                   A        B        C        D        E       F      G
               +--------+--------+--------+--------+--------+-----+--------+
         Total |    208 |    202 |      6 |      0 |    135 |   1 |  208.0 |
       Dungeon |    208 |    202 |      6 |      0 |    135 |   1 |  208.0 |
               +--------+--------+--------+--------+--------+-----+--------+

Top non-repeatable levels by time:
     D:1: 208 daAuts
